 Dungeon Crawl Stone Soup version 0.28-b1-1-g3c77fb2ed1 (webtiles) character file.

Game seed: 5675873295733425013

23256 McKennaii the Devastator (level 12, -15/89 HPs)
             Began as a Demigod Conjurer on Jan 28, 2022.
             Killed from afar by Jorgrun (50 damage)
             ... with a blast of rock fragments
             ... on level 12 of the Dungeon.
             The game lasted 00:26:05 (15930 turns).

McKennaii the Devastator (Demigod Conjurer)        Turns: 15930, Time: 00:26:06

Health: -15/89     AC:  9    Str:  8    XL:     12   Next: 37%
Magic:  16/30      EV:  8    Int: 42    God:
Gold:   855        SH: 10    Dex: 15    Spells: 24/31 levels left

rFire   + . .      SeeInvis +   R - +4 trident of Internal Strife {freeze, Int+6 Dex+3 Stlth+}
rCold   . . .      Faith    .   Q - +0 buckler
rNeg    . . .      Spirit   .   C - +0 robe of Words of Power {Harm +Blink SInv Stlth+}
rPois   .          Reflect  +   (no helmet)
rElec   .          Harm     +   K - +2 cloak
rCorr   .          Rampage  .   D - +2 pair of gloves
Will    +....                   q - +0 pair of boots
Stlth   ++++......              t - amulet of reflection
HPRegen 0.24/turn               x - ring of protection from fire
MPRegen 0.22/turn               (no ring)

@: grasped by roots, constricted
A: high mp 1, forlorn, divine attributes
a: Evoke Blink


You were on level 12 of the Dungeon.
You visited 1 branch of the dungeon, and saw 12 of its levels.

You collected 920 gold pieces.
You spent 65 gold pieces at shops.

Inventory:

Hand Weapons
 R - the +4 trident of Internal Strife (weapon) {freeze, Int+6 Dex+3 Stlth+}
   (You found it on level 10 of the Dungeon)

   It freezes those it strikes, dealing additional cold damage.
   It can also slow down cold-blooded creatures.
   Int:       It affects your intelligence (+6).
   Dex:       It affects your dexterity (+3).
   Stlth:     It makes you more stealthy.
Armour
 q - a +0 pair of boots (worn)
 C - the +0 robe of Words of Power (worn) {Harm +Blink SInv Stlth+}
   (You found it on level 6 of the Dungeon)

   SInv:      It lets you see invisible.
   +Blink:    It lets you blink.
   Harm:      It increases damage dealt and taken.
   Stlth:     It makes you more stealthy.
 D - a +2 pair of gloves (worn)
 K - a +2 cloak (worn)
 Q - a +0 buckler (worn)
Magical Staves
 p - a staff of poison
 G - a staff of cold
 N - a staff of air
Jewellery
 f - a ring of ice
 t - an amulet of reflection (around neck)
 x - a ring of protection from fire (left hand)
 T - a +4 ring of slaying
 U - a ring of protection from cold
Wands
 a - a wand of iceblast (15)
 y - a wand of paralysis (15)
 B - a wand of acid (5)
 O - a wand of flame (25)
Scrolls
 d - 3 scrolls of summoning {unknown}
 h - 15 scrolls of identify {unknown}
 n - 2 scrolls of fog {unknown}
 s - 3 scrolls of vulnerability {unknown}
 u - 5 scrolls of immolation {unknown}
 v - 4 scrolls of fear {unknown}
 w - 2 scrolls of brand weapon {unknown}
 z - 6 scrolls of teleportation {unknown}
 F - a scroll of amnesia {unknown}
 H - a scroll of holy word {unknown}
 I - 3 scrolls of enchant armour {unknown}
 L - 2 scrolls of noise {unknown}
 M - a scroll of enchant weapon {unknown}
 P - a scroll of magic mapping {unknown}
 S - a scroll of torment {unknown}
Potions
 b - 7 potions of curing {unknown}
 c - 4 potions of flight {unknown}
 e - a potion of ambrosia {unknown}
 g - 3 potions of brilliance {unknown}
 i - 4 potions of heal wounds
 j - 5 potions of might {unknown}
 k - 4 potions of lignification {unknown}
 l - 3 potions of attraction {unknown}
 m - 3 potions of mutation {unknown}
 o - 3 potions of berserk rage {unknown}
 r - a potion of magic {unknown}
 A - a potion of cancellation {unknown}
 E - a potion of resistance {unknown}
 J - 2 potions of haste


   Skills:
 - Level 3.0 Fighting
 - Level 1.7 Dodging
 - Level 1.7 Stealth
 - Level 4.0 Shields
 - Level 0.7 Unarmed Combat
 - Level 10.0 Spellcasting
 + Level 15.2 Conjurations
 - Level 5.0 Translocations
 - Level 0.5 Evocations


You had 24 spell levels left.
You knew the following spells:

 Your Spells              Type           Power      Damage    Failure   Level
a - Magic Dart            Conj           100%       1d8       0%          1
b - Searing Ray           Conj           100%       2d8       0%          2
c - Iskenderun's Mystic   Conj/Tloc      82%        2d16      1%          4

Your spell library contained the following spells:

 Spells                   Type           Power      Damage    Failure   Level
 Foxfire                  Conj/Fire      100%       2x1d9     1%          1
 Freeze                   Ice            84%        1d10      1%          1
 Conjure Flame            Conj/Fire      71%        6-21      1%          3
 Dazzling Flash           Conj/Hex       100%       N/A       1%          3
 Flame Wave               Conj/Fire      71%        2d13      1%          4
 Fulminant Prism          Conj/Hex       35%        3d18      1%          4
 Hailstorm                Conj/Ice       71%        3d15      1%          4
 Passage of Golubria      Tloc           59%        N/A       2%          4
 Confusing Touch          Hex            21%        N/A       6%          3
 Frozen Ramparts          Ice            42%        1d6       6%          3
 Inner Flame              Hex/Fire       21%        N/A       6%          3
 Tukima's Dance           Hex            21%        N/A       6%          3
 Yara's Violent Unravell  Hex/Tmut       10%        3d6       47%         5
 Enfeeble                 Hex            10%        N/A       100%        7


Dungeon Overview and Level Annotations

Branches:
Dungeon (12/15)            Temple (0/1) D:4            Lair (0/6) D:8
    Orc (0/2) D:11

Shops:
D:2 =(!:[   D:4 (   D:5 ?*!(   D:7 (   D:8 (   D:9 =

Annotations:
D:7 3 runed translucent doors, Cykl0x's ghost, novice GrCj
D:12 Jorgrun


Innate Abilities, Weirdness & Mutations

You have an increased reservoir of magic. (+10% MP)
You shall have no god before yourself.
Your divine heritage dramatically boosts your attributes as you level up.


Message History

The searing ray hits Jorgrun!
Jorgrun is moderately wounded.
The grasping roots constrict you.
Unknown command.
Casting: Searing Ray (safe; 0% risk of failure)
Confirm with . or Enter, or press ? or * to list all spells.
You erupt in a blast of force!
The mystic blast hits Jorgrun.
Jorgrun is moderately wounded.
Jorgrun is knocked back by the mystic blast.
Unknown command.
Casting: Iskenderun's Mystic Blast (safe; 1% risk of failure)
Confirm with . or Enter, or press ? or * to list all spells.
You can't see any susceptible monsters within range! (Use Z to cast anyway.)
Aiming: Corrosive Bolt
Press: ? - help, Shift-Dir - straight line, f/p - Jorgrun
Aim: Jorgrun, wielding a +0 vorpal quarterstaff and wearing a +2 robe of the Archmagi (moderately wounded, 53% to hit)
The bolt of acid hits Jorgrun!
Jorgrun is heavily wounded.
The grasping roots constrict you!
Casting: Iskenderun's Mystic Blast (safe; 1% risk of failure)
Confirm with . or Enter, or press ? or * to list all spells.
Aiming: Searing Ray (safe; 0% risk of failure)
Press: ? - help, Shift-Dir - straight line, f/p - Jorgrun
Aim: Jorgrun, wielding a +0 vorpal quarterstaff and wearing a +2 robe of the Archmagi (heavily wounded, 72% to hit)
The searing ray hits Jorgrun!
Jorgrun is heavily wounded. (Press . to maintain the ray.) Jorgrun casts a spell at you.
You resist with significant effort. The grasping roots constrict you.
The searing ray hits Jorgrun!
Jorgrun is severely wounded.
The grasping roots constrict you!
Unknown command.
The searing ray hits Jorgrun!
Jorgrun is severely wounded.
Jorgrun says, "'tis place shall be yer tomb!"
Jorgrun points at you and mumbles some strange words.
The stone door frame shatters!
The blast of rock fragments hits you!!!
Ouch! That really hurt!
You die...

#...#..........
#...#..........
#...#..........
#...#..........
#...#.#######..
#...#.# #...#.#
#...# ###@#
#........#
#........#
#..g.....+
#........#
#........#
#.......##
####....#


You could see Jorgrun.

Vanquished Creatures
  An ettin (D:10)
  A hydra (D:10)
  2 boulder beetles (D:11)
  Erica (D:8)
  9 two-headed ogres (D:10)
  Urug (D:12)
  Pikel (D:5)
  An orc knight (D:11)
  2 deep elf pyromancers
  A harpy (D:10)
  An ugly thing (D:10)
  Maurice (D:9)
  A gargoyle (D:11)
  2 komodo dragons
  A kobold demonologist (D:10)
  An efreet (D:10)
  A hornet (D:10)
  4 trolls
  Grinder (D:5)
  3 slime creatures (D:12)
  A centaur simulacrum (D:10)
  3 shadows
  2 wraiths
  A wyvern (D:10)
  3 yaks (D:10)
  Sigmund (D:3)
  2 vampire mosquitoes
  2 steam dragons
  A water moccasin (D:6)
  An acid dragon (D:10)
  4 orc warriors
  3 ogres
  3 black bears
  10 centaurs
  A phantom (D:5)
  3 kobold brigands
  5 bullfrogs
  3 gnoll sergeants
  2 scorpions (D:5)
  10 killer bees
  4 howler monkeys
  A lava snake (D:7)
  10 centaur zombies
  A bullfrog zombie (D:7)
  3 hounds (D:5)
  4 jellies
  A centaur skeleton (D:7)
  7 orc priests
  Natasha (twice) (D:3)
  10 orc wizards
  A howler monkey zombie (D:9)
  A howler monkey skeleton (D:4)
  5 adders
  7 gnolls
  A shadow imp (D:8)
  2 white imps (D:6)
  A worm (D:4)
  4 dart slugs
  31 orcs
  7 bats
  A bat skeleton (D:2)
  A bat zombie (D:2)
  8 endoplasms
  7 giant cockroaches
  13 goblins
  4 hobgoblins
  3 iguanas
  2 jackals (D:1)
  10 kobolds
  6 quokkas
  3 training dummies (D:8)
  5 ball pythons
  A ball python skeleton (D:2)
  A ball python zombie (D:2)
  2 frilled lizards
  3 rats
270 creatures vanquished.

Vanquished Creatures (others)
  A wizard (D:7)
  15 plants
  4 withered plants (D:2)
20 creatures vanquished.

Grand Total: 290 creatures vanquished

Notes
Turn   | Place    | Note
-------+----------+-------------------------------------------
     0 | D:1      | McKennaii the Demigod Conjurer began the quest for the Orb.
     0 | D:1      | Reached XP level 1. HP: 14/14 MP: 5/5
   363 | D:1      | Reached skill level 4 in Conjurations
   494 | D:1      | Reached XP level 2. HP: 20/20 MP: 4/7
  1499 | D:2      | Reached XP level 3. HP: 22/26 MP: 1/8
  1580 | D:2      | Found Ruiroh's Weapon Boutique.
  1660 | D:2      | You fall into a shaft and drop 1 floor!
  1814 | D:2      | Found Qeent's Antique Armour Shop.
  1907 | D:2      | Found Qauv's Book Shoppe.
  1918 | D:2      | Found Joguarug's Distillery.
  2015 | D:2      | Bought a potion of heal wounds for 65 gold pieces
  2042 | D:2      | Found Gunten's Jewellery Boutique.
  2797 | D:3      | Noticed Sigmund
  2804 | D:3      | Killed Sigmund
  2805 | D:3      | Reached skill level 5 in Conjurations
  2805 | D:3      | Reached XP level 4. HP: 33/33 MP: 3/11
  2805 | D:3      | Reached XP level 5. HP: 38/38 MP: 3/12
  2808 | D:3      | Learned a level 2 spell: Searing Ray
  2813 | D:3      | Learned a level 4 spell: Iskenderun's Mystic Blast
  2873 | D:3      | Noticed Natasha
  2882 | D:3      | Killed Natasha
  3297 | D:4      | Noticed a black bear
  3309 | D:4      | Killed a black bear
  3310 | D:4      | Reached skill level 6 in Conjurations
  3310 | D:4      | Reached XP level 6. HP: 38/45 MP: 0/14
  3825 | D:4      | Found Rahagiy's Weapon Boutique.
  3828 | D:4      | Found a staircase to the Ecumenical Temple.
  4358 | D:5      | Entered Level 5 of the Dungeon
  4497 | D:5      | Reached XP level 7. HP: 24/51 MP: 7/16
  4725 | D:5      | Found Wuuly's Antique Weapon Emporium.
  4729 | D:5      | Found Dets's Assorted Antiques.
  4730 | D:5      | Found Riceruw's Distillery.
  4731 | D:5      | Found Tofuwk's Magic Scroll Emporium.
  5188 | D:5      | Noticed Pikel
  5195 | D:5      | Killed Pikel
  5196 | D:5      | Reached skill level 1 in Fighting
  5196 | D:5      | Reached skill level 5 in Spellcasting
  5196 | D:5      | Reached skill level 7 in Conjurations
  5196 | D:5      | Reached XP level 8. HP: 59/59 MP: 9/20
  5526 | D:5      | Noticed Grinder
  5536 | D:5      | Killed Grinder
  5702 | D:5      | Reached skill level 8 in Conjurations
  6039 | D:3      | Noticed Natasha
  6043 | D:3      | Killed Natasha
  6426 | D:6      | Identified the +0 robe of Words of Power {Harm +Blink SInv
                  | Stlth+}
  7394 | D:6      | Reached skill level 1 in Shields
  7419 | D:6      | Reached XP level 9. HP: 47/64 MP: 10/23
  7496 | D:7      | Reached skill level 1 in Translocations
  7574 | D:7      | Reached skill level 9 in Conjurations
  7805 | D:7      | Identified the +11 long sword of Adaunk {drain, Will+ Int+5
                  | Stlth+}
  7805 | D:7      | Identified the +0 chain mail of Lies {Harm rElec rPois
                  | Will-}
  7806 | D:7      | Found a runed translucent gate.
  7806 | D:7      | Noticed Cykl0x's ghost (novice GrCj)
  7822 | D:7      | Found a runed translucent gate.
  7823 | D:7      | Found a runed translucent gate.
  7845 | D:7      | Noticed a wizard
  7850 | D:7      | Killed a wizard
  7887 | D:7      | Found Fitefyap's Weapon Boutique.
  8428 | D:8      | Found Cuxat's Firing Range.
  8551 | D:8      | Noticed Erica
  8562 | D:8      | Killed Erica
  8701 | D:8      | Reached skill level 10 in Conjurations
  9167 | D:8      | Found a staircase to the Lair.
  9168 | D:8      | Noticed a komodo dragon
  9187 | D:8      | Killed a komodo dragon
  9675 | D:9      | Found Amner's Jewellery Shoppe.
  9798 | D:9      | Noticed Maurice
  9814 | D:9      | Killed Maurice
  9815 | D:9      | Reached XP level 10. HP: 73/73 MP: 9/26
 10913 | D:10     | Entered Level 10 of the Dungeon
 10913 | D:10     | Noticed a white ugly thing
 11301 | D:10     | Reached skill level 10 in Spellcasting
 11437 | D:10     | Noticed a seven-headed hydra
 11437 | D:10     | Noticed a two-headed ogre
 11455 | D:10     | Noticed a two-headed ogre
 11460 | D:10     | Killed a two-headed ogre
 11466 | D:10     | Killed a seven-headed hydra
 11982 | D:10     | Killed a white ugly thing
 11983 | D:10     | Reached skill level 5 in Translocations
 12121 | D:10     | Reached XP level 11. HP: 72/82 MP: 14/29
 12371 | D:10     | Noticed a two-headed ogre
 12381 | D:10     | Killed a two-headed ogre
 12427 | D:10     | Killed a two-headed ogre
 12428 | D:10     | Reached skill level 11 in Conjurations
 12557 | D:10     | Noticed a two-headed ogre
 12564 | D:10     | Killed a two-headed ogre
 12803 | D:10     | Identified the +4 trident of Internal Strife {freeze, Int+6
                  | Dex+3 Stlth+}
 12817 | D:10     | Noticed an ettin
 12826 | D:10     | Killed an ettin
 13040 | D:10     | Noticed a harpy
 13042 | D:10     | Reached skill level 12 in Conjurations
 13042 | D:10     | Noticed a two-headed ogre
 13044 | D:10     | Killed a harpy
 13045 | D:10     | Noticed a two-headed ogre
 13047 | D:10     | Noticed a two-headed ogre
 13048 | D:10     | Killed a two-headed ogre
 13048 | D:10     | Killed a two-headed ogre
 13050 | D:10     | Killed a two-headed ogre
 13054 | D:10     | Noticed a two-headed ogre
 13075 | D:10     | Reached skill level 13 in Conjurations
 13077 | D:10     | Killed a two-headed ogre
 13155 | D:10     | Noticed a two-headed ogre
 13442 | D:10     | Killed a two-headed ogre
 13785 | D:10     | Noticed a yaktaur captain
 13817 | D:10     | Noticed a deep elf pyromancer
 13823 | D:10     | Killed a deep elf pyromancer
 13944 | D:11     | Reached XP level 12. HP: 69/89 MP: 26/30
 14099 | D:11     | Reached skill level 14 in Conjurations
 14612 | D:11     | Found a staircase to the Orcish Mines.
 14616 | D:11     | Identified the +7 glaive "Hismikak" {holy, Dex+3}
 14921 | D:11     | Noticed a boulder beetle
 14927 | D:11     | Killed a boulder beetle
 14968 | D:11     | Noticed a boulder beetle
 14979 | D:11     | Killed a boulder beetle
 15504 | D:12     | Reached skill level 15 in Conjurations
 15661 | D:12     | Noticed Urug
 15673 | D:12     | Killed Urug
 15921 | D:12     | Noticed Jorgrun
 15930 | D:12     | Killed from afar by Jorgrun

Illustrated notes

Levels and vault maps discovered:
D:1:      giann_wishing_wells, layout_rooms,
          dreamdust_ecumenical_altar_hidden_monk_grotto, serial_corexii_hall,
          chequers_hall_statues_corner_a, corexii_hall_statues_l,
          corexii_hall_statues_x, chequers_hall_statues_y
D:2:      layout_basic, serial_shops, shop, shop,
          nicolae_shop_bloodbath_and_beyond, nicolae_shop_trees,
          nicolae_shop_advertising_works [nicolae_subvault_shop_adworks],
          basic_altar, serial_undead, serial_undead_e, serial_undead_c,
          serial_undead_d, serial_undead_b, serial_undead_f, serial_undead_f
D:3:      layout_basic, kennysheep_doodads, uniq_sigmund, uniq_natasha
D:4:      layout_cave_pools, minmay_temple_entry_statues_fountains,
          serial_shops, nicolae_shop_behind_doors, minmay_misc_feat_diagonals,
          minmay_ogre_servants
D:5:      layout_basic, dk_xom_monty_hall, mainiacjoe_overflow_surrounded_room,
          hangedman_abyss_or_decor_stagger, minmay_shop_grid_forest,
          minmay_misc_feat_chi, minmay_splitting_lines, uniq_grinder, uniq_pikel
D:6:      layout_gridville, mainiacjoe_overflow_small_starburst,
          okawaru_metal_pillars_1_2, nicolae_ru_sacrificial_ziggurat
D:7:      layout_cave_pools, minitemple, trog_wizard,
          biasface_ghost_orc_armoury, serial_shops, shop, kennysheep_potato
D:8:      layout_gridville, mainiacjoe_overflow_concentric_impassable,
          david_lair_shrubbed, nicolae_shop_firing_range, uniq_erica
D:9:      layout_loops_ring, serial_shops, nicolae_stop_n_shop_2,
          hangedman_decor_diamond_cutter, uniq_maurice
D:10:     nzn_winding_woodlands_large [nzn_winding_woodlands_5x5_perimeter,
          nzn_winding_woodlands_5x15_pathside_ponds,
          nzn_winding_woodlands_5x5_closed_star,
          nzn_winding_woodlands_center_pierced_h,
          nzn_winding_woodlands_15x15_boxy_spiral,
          nzn_winding_woodlands_center_garden,
          nzn_winding_woodlands_5x5_open_star,
          nzn_winding_woodlands_5x15_crooked,
          nzn_winding_woodlands_5x5_default], layout_loops_ring,
          hangedman_abyss_or_decor_slice
D:11:     layout_big_octagon, orc_0_dummy, minmay_quadrilaterals
D:12:     layout_irregular_city, dancing_weapons_uskayaw, uniq_jorgrun,
          uniq_urug, uniq_kirke

Skill      XL: |  1  2  3  4  5  6  7  8  9 10 11 12 |
---------------+-------------------------------------+-----
Conjurations   | 4 5 6 7 8 10 13 15 | 15.2
Spellcasting   | 2 3 4 5 7 8 10 | 10.0
Fighting       | 1 2 3 |  3.0
Shields        | 1 4 |  4.0
Translocations | 2 5 |  5.0
Dodging        | |  1.7
Stealth        | |  1.7
Unarmed Combat | |  0.7
Evocations     | |  0.5

Action                   |  1- 3 |  4- 6 |  7- 9 | 10-12 || total
-------------------------+-------+-------+-------+-------++-------
Melee: Unarmed           |     7 |       |       |       ||     7
       Staff             |       |       |     1 |       ||     1
       Trident           |       |       |       |    23 ||    23
 Cast: Magic Dart        |   110 |    88 |   177 |   157 ||   532
       Searing Ray       |       |     4 |    38 |    78 ||   120
       Iskenderun's Myst |       |       |    19 |    64 ||    83
Evoke: Wand              |       |       |     1 |    15 ||    16
Armor: Robe              |     8 |     5 |    20 |    49 ||    82
Dodge: Dodged            |    13 |    12 |    38 |    85 ||   148
Block: Other             |       |       |     9 |    28 ||    37
       Reflection        |       |       |       |     8 ||     8
       Buckler           |       |       |       |    26 ||    26
